 Dungeon Crawl Stone Soup version 0.21.0 (webtiles) character file.

198 AgrsvlyMoist the Cudgeler (level 5, -12/45 HPs)
             Began as a Minotaur Berserker on July 27, 2018.
             Was a Believer of Trog.
             Killed by nerve-wracking pain
             ... invoked by Grinder
              (14 damage)
             ... on level 3 of the Dungeon.
             The game lasted 00:11:29 (3340 turns).

AgrsvlyMoist the Cudgeler (Minotaur Berserker)      Turns: 3340, Time: 00:11:29

Health: -12/45     AC: 10    Str: 21    XL:     5   Next: 47%
Magic:  4/4        EV:  9    Int:  4    God:    Trog [**....]
Gold:   121        SH:  9    Dex: 13    Spells: 4/4 levels left

rFire    . . .     SeeInvis .   h - +1 mace (holy)
rCold    . . .     Gourm    .   e - +0 shield
rNeg     . . .     Faith    .   n - +0 ring mail
rPois    .         Spirit   .   (helmet restricted)
rElec    .         Reflect  .   g - +0 cloak
rCorr    .         Harm     .   o - +2 pair of gloves
MR       .....     Rnd*Rage +   d - +0 pair of boots
Stlth    +.........             (no amulet)
HPRegen  0.15/turn              (no ring)
MPRegen  0.09/turn              (no ring)

@: berserk cooldown, slowed, very slow
A: retaliatory headbutt, horns 2, agile 1, berserk 1
a: Berserk, Trog's Hand, Burn Spellbooks, Renounce Religion


You were on level 3 of the Dungeon.
You worshipped Trog.
Trog was pleased with you.
You were hungry.

You visited 1 branch of the dungeon, and saw 3 of its levels.

You collected 121 gold pieces.

Inventory:

Hand Weapons
 a - a +0 mace
 h - a +1 mace of holy wrath (weapon)
 k - a +1 dagger of speed
Armour
 b - a +0 animal skin
 d - a +0 pair of boots (worn)
 e - a +0 shield (worn)
 g - a +0 cloak (worn)
 n - a +0 ring mail (worn)
 o - a +2 pair of gloves (worn)
Scrolls
 f - 4 scrolls of teleportation
 l - 2 scrolls of remove curse
 m - 3 scrolls of identify
Potions
 j - a potion of magic
 p - a potion of berserk rage {unknown}
Comestibles
 c - 3 rations
 i - 4 chunks of flesh


   Skills:
 - Level 3.6 Fighting
 * Level 6.6 Maces & Flails
 - Level 2.4 Armour
 - Level 2.1 Dodging
 + Level 3.2 Shields


You had 4 spell levels left.
You didn't know any spells.

Dungeon Overview and Level Annotations

Branches:
Dungeon (3/15)

Altars:
Kikubaaqudgha
Nemelex Xobeh
The Shining One

Annotations:
D:3 Grinder


Innate Abilities, Weirdness & Mutations

You reflexively headbutt those who attack you in melee.
You have a pair of horns on your head.
You are agile. (Dex +2)
You tend to lose your temper in combat.


Message History

Grinder blinks!
You feel your anger nearly subside.
You are no longer berserk.
You are exhausted.
You feel yourself slow down. Grinder gestures at you.
Pain shoots through your body!
* * * LOW HITPOINT WARNING * * *
Grinder barely misses you.
You barely miss Grinder. Your headbutt misses Grinder.
Grinder is almost dead.
Grinder barely misses you. Grinder hits you but does no damage.
You closely miss Grinder.
Grinder is almost dead.
Grinder says, "Are you a fish?" You block Grinder's attack. x2
You barely miss Grinder.
Grinder is almost dead.
Grinder gestures at you. Pain shoots through your body!
You die...

.........⌠.⌠.....
########.._...#.#
##⌠.⌠..#..
#######.#..#..
.......÷......
...........#.. ######
########...#..
#..$5##########...#..
#...@.............#.#
#..#.##########.#.#.# #.
#.# #.#.#.# #.##.#
#.#.#.#
.#.#....##########.#.#.#
....%...................
.#[.........#####....#.#
##########.# #.......
#.# ##.###...


You could see Grinder.

Vanquished Creatures
  A scorpion (D:3)
  Crazy Yiuf (D:2)
  Jessica (D:2)
  Robin (D:3)
  2 adders (D:3)
  2 worms
  2 leopard geckos
  An orc (D:3)
  3 bat zombies (D:2)
  2 giant cockroaches (D:1)
  15 goblins
  5 hobgoblins
  2 jackals (D:3)
  6 bats
  5 kobolds
  4 rats
53 creatures vanquished.

Notes
Turn   | Place    | Note
-------+----------+-------------------------------------------
     0 | D:1      | AgrsvlyMoist the Minotaur Berserker began the quest for the Orb.
     0 | D:1      | Reached XP level 1. HP: 19/19 MP: 0/0
   134 | D:1      | Reached skill level 4 in Maces & Flails
   298 | D:1      | Reached XP level 2. HP: 23/26 MP: 1/1
   797 | D:2      | Noticed Jessica
   803 | D:2      | Killed Jessica
   803 | D:2      | Reached skill level 5 in Maces & Flails
   803 | D:2      | Reached skill level 1 in Shields
   803 | D:2      | Reached XP level 3. HP: 22/31 MP: 2/2
  1130 | D:2      | Reached ** piety under Trog
  1267 | D:2      | Found an ancient bone altar of Kikubaaqudgha.
  1511 | D:2      | Found a runed door.
  1743 | D:2      | Found a glowing golden altar of the Shining One.
  1933 | D:2      | Gained mutation: You tend to lose your temper in combat. [potion of mutation]
  1933 | D:2      | Gained mutation: You are agile. (Dex +2) [potion of mutation]
  1934 | D:2      | Noticed Crazy Yiuf
  1938 | D:2      | Killed Crazy Yiuf
  1938 | D:2      | Reached XP level 4. HP: 39/39 MP: 3/3
  2357 | D:3      | Reached skill level 6 in Maces & Flails
  2357 | D:3      | Reached XP level 5. HP: 8/45 MP: 4/4
  2378 | D:3      | HP: 2/45 [poisoned by a scorpion]
  2786 | D:3      | Noticed Robin
  2810 | D:3      | Killed Robin
  3083 | D:3      | Found a sparkling altar of Nemelex Xobeh.
  3316 | D:3      | Noticed Grinder
  3323 | D:3      | Paralysed by Grinder for 6 turns
  3337 | D:3      | HP: 2/45 [Grinder/nerve-wracking pain (13)]
  3340 | D:3      | Killed from afar by Grinder

Skill      XL: |  1  2  3  4 |
---------------+-------------+-----
Maces & Flails | 4 5 6 |  6.6
Shields        | 1 2 3 |  3.2
Fighting       | |  3.6
Armour         | |  2.4
Dodging        | |  2.1

Action                   |  1- 3 |  4- 6 || total
-------------------------+-------+-------++-------
Melee: Mace              |    59 |    73 ||   132
       Headbutt          |     9 |    12 ||    21
Invok: Berserk           |     1 |     2 ||     3
       Trog's Hand       |     1 |       ||     1
  Use: Scroll            |     3 |       ||     3
       Potion            |     2 |       ||     2
  Eat: Chunk             |     3 |     7 ||    10
Armor: Animal skin       |    14 |     7 ||    21
       Ring mail         |       |     6 ||     6
Dodge: Dodged            |    26 |    24 ||    50
Block: Shield            |    25 |    31 ||    56
